 Dungeon Crawl Stone Soup version 0.17.1-1-g73c8601 (webtiles) character file.

81 Implojin the Ruffian (level 4, -24/44 HPs)
             Began as a Troll Monk on Apr 5, 2016.
             Annihilated by an ogre
             ... wielding a +0 giant spiked club
              (33 damage)
             ... on level 4 of the Dungeon.
             The game lasted 00:02:33 (397 turns).

Implojin the Ruffian (Troll Monk)                    Turns: 397, Time: 00:02:34

Health: -24/44     AC:  5    Str: 19    XL:     4   Next: 19%
Magic:  3/3        EV: 10    Int:  6    God:
Gold:   22         SH:  0    Dex: 13    Spells: 0 memorised, 3 levels left

rFire  . . .     SeeInvis .       - Unarmed
rCold  . . .     Clarity  .     a - +0 robe
rNeg   . . .     SustAt   .     (no shield)
rPois  .         Gourm    +     (helmet restricted)
rElec  .         Spirit   .     (no cloak)
rCorr  .         Warding  .     (gloves unavailable)
rMut   .         Stasis   .     (boots unavailable)
MR     .....                    (no amulet)
Stlth  +.........               (no ring)
                                (no ring)

@: not resistant to hostile enchantments, very unstealthy
A: unfitting armour, claws 3, fast metabolism 3, gourmand, regeneration 2,
shaggy fur 1, tough skin 2
a: no special abilities


You were on level 4 of the Dungeon.
You were very full.

You visited 1 branch of the dungeon, and saw 4 of its levels.

You collected 22 gold pieces.

Inventory:

Armour
 a - a +0 robe (worn)
Scrolls
 c - a scroll of amnesia {unknown}
 d - a scroll of recharging {unknown}
 f - a scroll of fog {unknown}
 g - 2 scrolls of immolation {unknown}
 i - 2 scrolls of random uselessness {unknown}
Potions
 e - a potion of degeneration {unknown}
 h - a potion of invisibility {unknown}
Comestibles
 b - 2 bread rations


   Skills:
 - Level 2.4 Fighting
 - Level 2.4 Dodging
 - Level 1.1 Stealth
 * Level 5.7 Unarmed Combat


You had 3 spell levels left.
You didn't know any spells.

Dungeon Overview and Level Annotations

Branches:
Dungeon (4/15)
 Temple: D:4-7

Altars:

Annotations:
D:3 Terence


Innate Abilities, Weirdness & Mutations

You are too large for most types of armour.
You have claws for hands.
Your metabolism is lightning-fast.
You like to eat raw meat.
You heal very quickly.
You are covered in fur (AC +1).
You have very tough skin (AC +2).


Message History

The iguana hisses menacingly.
An iguana comes into view.
The iguana barely misses you. The iguana bites you.
Found a scroll labeled CUQUNA POTWER.
The iguana closely misses you.
You barely miss the iguana.
The iguana bites you but does no damage.
You claw the iguana!
The iguana is heavily wounded.
The iguana bites you!
* * * LOW HITPOINT WARNING * * *
You claw the iguana!
You kill the iguana!
You see here a scroll labeled CUQUNA POTWER.
i - 2 scrolls labeled CUQUNA POTWER (gained 1)
The iguana barely misses you.
You barely miss the iguana. You scratch the iguana.
The iguana is moderately wounded.
The iguana bites you!
* * * LOW HITPOINT WARNING * * *
You claw the iguana!
You kill the iguana!
You have reached level 4!
A worker ant comes into view.
The worker ant twitches its antennae in your direction.
Drink which item? (? for menu, Esc to quit)
Okay, then.
You barely miss the ogre.
The ogre is lightly wounded.
You claw the ogre!
The ogre is severely wounded.
The ogre hits you with a giant spiked club!
* * * LOW HITPOINT WARNING * * *
You scratch the ogre.
The ogre is severely wounded.
The ogre hits you with a giant spiked club!!
Ouch! That really hurt!
You die...

####### #.....#
#.....
##########..####
#.@OJ†.†.......#
#.########..##.#
#. #.J# #a #..#
#. #..# #. #..#
#. #..# #. #..#
#..##


You could see an ogre, a worker ant and an ooze.

Vanquished Creatures
  2 iguanas (D:4)
  An adder (D:3)
  An ooze (D:1)
  2 giant cockroaches
  3 hobgoblins
  3 kobolds (D:1)
  A bat (D:2)
  A goblin (D:2)
  2 rats (D:1)
16 creatures vanquished.

Notes
Turn   | Place    | Note
--------------------------------------------------------------
     0 | D:1      | Implojin the Troll Monk began the quest for the Orb.
     0 | D:1      | Reached XP level 1. HP: 22/22 MP: 0/0
    42 | D:1      | Reached XP level 2. HP: 19/29 MP: 1/1
   245 | D:3      | Noticed Terence
   264 | D:3      | HP: 1/29 [Terence/flail (9)]
   276 | D:4      | Noticed an ogre
   313 | D:4      | Reached skill level 5 in Unarmed Combat
   313 | D:4      | Reached XP level 3. HP: 29/36 MP: 2/2
   392 | D:4      | Reached XP level 4. HP: 17/44 MP: 3/3
   397 | D:4      | Annihilated by an ogre

Action                   |  1- 3 |  4- 6 || total
-------------------------+-------+-------++-------
Melee: Unarmed           |    54 |     3 ||    57
 Stab: Sleeping          |     2 |       ||     2
  Eat: Chunk             |     8 |       ||     8

Table legend:
 A = Turns spent in this place as a percentage of turns spent in the entire game.
 B = Non-inter-level travel turns spent in this place as a percentage of non-inter-level travel turns spent in the entire game.
 C = Inter-level travel turns spent in this place as a percentage of turns spent in this place.
 D = Turns resting spent in this place as a percentage of non-inter-level travel turns spent in this place.
 E = Turns spent auto-exploring this place as a percentage of non-inter-level travel turns spent in this place.
 F = Non-inter-level travel turns spent in this place divided by the number of levels of this place that you've seen.
                   A       B       C       D       E      F
               +-------+-------+-------+-------+-------+----------------------
         Total | 100.0 | 100.0 |   0.0 |   0.0 |   0.0 |  94.5
       Dungeon | 100.0 | 100.0 |   0.0 |   0.0 |   0.0 |  94.5
               +-------+-------+-------+-------+-------+----------------------

Table legend:
 A = Kills in this place as a percentage of kills in entire the game.
 B = Kills by you in this place as a percentage of kills by you in the entire game.
 C = Kills by friends in this place as a percentage of kills by friends in the entire game.
 D = Other kills in this place as a percentage of other kills in the entire game.
 E = Experience gained in this place as a percentage of experience gained in the entire game.
 F = Experience gained in this place divided by the number of levels of this place that you have seen.
                   A       B       C       D       E      F
               +-------+-------+-------+-------+-------+----------------------
         Total | 100.0 | 100.0 |  -nan |  -nan | 100.0 |  29.0
       Dungeon | 100.0 | 100.0 |  -nan |  -nan | 100.0 |  29.0
               +-------+-------+-------+-------+-------+----------------------
